 Dungeon Sprint DCSS version 0.26-a0-708-g17f3b190f9 (webtiles) character file.

Game seed: 1093807648378056962

3691 mhtbhm the Impaler (level 10, -8/101 HPs)
             Began as a Merfolk Monk on Oct 29, 2020.
             Was a High Priest of Okawaru.
             Mangled by a komodo dragon (21 damage)
             ... in the Dungeon (Sprint IX: "|||||||||||||||||||||||||||||").
             The game lasted 00:01:20 (916 turns).

mhtbhm the Impaler (Merfolk Monk)                    Turns: 916, Time: 00:01:21

Health: -8/101     AC: 13    Str: 20    XL:     10   Next: 13%
Magic:  10/10      EV: 15    Int: 10    God:    Okawaru [*****.]
Gold:   12         SH:  0    Dex: 17    Spells: 9/9 levels left

rFire    . . .     SeeInvis .   a - +2 halberd (venom)
rCold    . . .     Faith    .   (shield currently unavailable)
rNeg     . . .     Spirit   .   b - +1 chain mail
rPois    .         Reflect  .   m - +0 helmet
rElec    .         Harm     .   (no cloak)
rCorr    .         Rampage  .   (no gloves)
MR       +....     NoTele   +   l - +0 pair of boots
Stlth    +.........             (no amulet)
HPRegen  0.26/turn              n - +3 ring of strength
MPRegen  0.12/turn              o - +3 ring of strength

@: lethally poisoned (-8 -> -13)
A: change form in water, swift swim, stealthy swim, magic resistance 1, robust 1
a: Heroism, Finesse, Renounce Religion


You were in the Dungeon.
You worshipped Okawaru.
Okawaru was extremely pleased with you.
You visited 1 branch You collected 12 gold pieces.

Inventory:

Hand Weapons
 a - a +2 halberd of venom (weapon)
Armour
 b - a +1 chain mail (worn)
 l - a +0 pair of boots (worn)
 m - a +0 helmet (worn)
Jewellery
 n - a +3 ring of strength (left hand)
 o - a +3 ring of strength (right hand)
Wands
 k - a wand of acid (8)
Scrolls
 h - 2 scrolls of blinking
 i - 5 scrolls of remove curse
 j - 2 scrolls of amnesia
 s - 2 scrolls of identify
 t - 2 scrolls of enchant armour
 u - 2 scrolls of enchant weapon
Potions
 c - 5 potions of curing
 d - 5 potions of heal wounds
 e - a potion of haste
 f - 4 potions of magic
 g - a potion of invisibility
 q - a potion of brilliance
 r - a potion of might


   Skills:
 + Level 13.4 Fighting
 + Level 19.0 Polearms
 + Level 4.4 Armour
 + Level 13.6 Dodging
 + Level 7.7 Stealth
 + Level 0.8 Evocations


You had 9 spell levels left.
You didn't know any spells.
Your spell library was empty.

Dungeon Overview and Level Annotations

Branches:
Dungeon (1/1)

Altars:
Cheibriados
Dithmenos
Elyvilon
Fedhas
Gozag
Hepliaklqana
Kikubaaqudgha
Makhleb
Nemelex Xobeh
Okawaru
Qazlal
Ru
Sif Muna
Trog
Uskayaw
Vehumet
Wu Jian
Xom
Yredelemnul
Zin
The Shining One
Beogh
Jiyva
Lugonu


Innate Abilities, Weirdness & Mutations

You revert to your normal form in water.
You are very nimble and swift while swimming.
You are very stealthy in the water. (Stealth+)
You are resistant to hostile enchantments. (MR+)
You are robust. (+10% HP)


Message History

The cane toad is almost dead.
You feel sick. The cane toad completely misses you.
You hit the cane toad.
The cane toad is almost dead.
You feel sick. The cane toad stings you!
* * * LOW HITPOINT WARNING * * *
You slice the cane toad!!
You kill the cane toad!
Okawaru accepts your kill.
Your Polearms skill increases to level 19!
You hit the komodo dragon but do no damage.
The komodo dragon is poisoned.
You feel sick.
You hit the komodo dragon but do no damage.
The komodo dragon looks even sicker.
The komodo dragon is lightly wounded.
You feel sick. The komodo dragon closely misses you.
You hit the komodo dragon but do no damage.
The komodo dragon is lightly wounded.
You feel sick. The komodo dragon bites you!!
You die...

▓▓▓▓▓▓▓▓▓▓▓▓▓▓▓▓▓▓▓▓▓▓▓▓▓▓▓▓▓▓▓▓▓
____________________'.....)....)†
▓▓▓▓▓▓▓▓▓▓▓▓▓▓▓▓▓▓▓▓▓▓▓▓▓▓▓▓▓▓▓▓▓
.................................
▓▓▓▓▓▓▓▓▓▓▓▓▓▓▓▓▓▓▓▓▓▓▓▓▓▓▓▓▓▓▓▓▓
...llFl@.....|......'...
▓▓▓▓▓▓▓▓▓▓▓▓▓▓▓▓▓▓▓▓▓▓▓▓


You could see 3 komodo dragons and a bullfrog.

Vanquished Creatures
  3 centaur warriors (D)
  A kobold demonologist (D)
  2 cane toads (D)
  A komodo dragon (D)
  A troll (D)
  A water moccasin (D)
  A sky beast (D)
  A big kobold (D)
  A bullfrog (D)
  A quasit (D)
  2 worker ants (D)
  An adder (D)
  A shadow imp (D)
  A white imp (D)
  An adder skeleton (D)
  An orc (D)
  3 bats (D)
  A goblin (D)
  A ball python zombie (D)
  A jackal skeleton (D)
  A rat (D)
27 creatures vanquished.

Notes
Turn   | Place    | Note
-------+----------+-------------------------------------------
     0 | D        | mhtbhm the Merfolk Monk began the quest for the Orb.
     0 | D        | Reached XP level 1. HP: 18/18 MP: 1/1
    18 | D        | Reached skill level 5 in Polearms
   126 | D        | Noticed a worker ant
   126 | D        | Noticed a worker ant
   126 | D        | Noticed a sky beast
   132 | D        | Killed a sky beast
   132 | D        | Reached skill level 8 in Polearms
   132 | D        | Reached XP level 2. HP: 29/29 MP: 2/2
   132 | D        | Reached XP level 3. HP: 35/35 MP: 3/3
   132 | D        | Reached XP level 4. HP: 41/41 MP: 4/4
   138 | D        | Reached skill level 9 in Polearms
   138 | D        | Reached XP level 5. HP: 47/47 MP: 5/5
   151 | D        | Found a roughly hewn altar of Beogh.
   151 | D        | Found a snail-covered altar of Cheibriados.
   151 | D        | Found a shadowy altar of Dithmenos.
   151 | D        | Found a white marble altar of Elyvilon.
   151 | D        | Found a blossoming altar of Fedhas.
   151 | D        | Found an opulent altar of Gozag.
   152 | D        | Found a hazy altar of Hepliaklqana.
   153 | D        | Found a viscous altar of Jiyva.
   154 | D        | Found an ancient bone altar of Kikubaaqudgha.
   155 | D        | Found a corrupted altar of Lugonu.
   156 | D        | Found a burning altar of Makhleb.
   157 | D        | Found a sparkling altar of Nemelex Xobeh.
   158 | D        | Found an iron altar of Okawaru.
   159 | D        | Found a stormy altar of Qazlal.
   160 | D        | Found a sacrificial altar of Ru.
   161 | D        | Found a shimmering blue altar of Sif Muna.
   162 | D        | Found a bloodstained altar of Trog.
   163 | D        | Found a hide-covered altar of Uskayaw.
   164 | D        | Found a radiant altar of Vehumet.
   165 | D        | Found an ornate altar of the Wu Jian Council.
   168 | D        | Found a shimmering altar of Xom.
   170 | D        | Became a worshipper of Warmaster Okawaru
   170 | D        | Reached * piety under Okawaru
   170 | D        | Reached ** piety under Okawaru
   172 | D        | Found a basalt altar of Yredelemnul.
   173 | D        | Found a glowing silver altar of Zin.
   174 | D        | Found a glowing golden altar of the Shining One.
   327 | D        | Noticed a big kobold
   332 | D        | Reached skill level 10 in Polearms
   338 | D        | Killed a big kobold
   338 | D        | Reached XP level 6. HP: 50/56 MP: 6/6
   340 | D        | Reached skill level 11 in Polearms
   442 | D        | Noticed a kobold demonologist
   442 | D        | Noticed a centaur warrior
   442 | D        | Noticed a troll
   442 | D        | Noticed a centaur warrior
   442 | D        | Noticed a centaur warrior
   449 | D        | Killed a centaur warrior
   449 | D        | Reached *** piety under Okawaru
   449 | D        | Reached skill level 10 in Fighting
   449 | D        | Reached skill level 14 in Polearms
   449 | D        | Reached XP level 7. HP: 35/67 MP: 7/7
   449 | D        | Reached XP level 8. HP: 38/74 MP: 8/8
   454 | D        | Killed a centaur warrior
   454 | D        | Reached **** piety under Okawaru
   454 | D        | Reached skill level 16 in Polearms
   457 | D        | Killed a troll
   457 | D        | Reached XP level 9. HP: 22/82 MP: 9/9
   464 | D        | Killed a centaur warrior
   464 | D        | Reached ***** piety under Okawaru
   464 | D        | Reached skill level 17 in Polearms
   470 | D        | Killed a kobold demonologist
   470 | D        | Reached skill level 18 in Polearms
   860 | D        | Gained mutation: You are robust. (+10% HP) [potion of
                  | mutation]
   860 | D        | Gained mutation: You are resistant to hostile enchantments.
                  | (MR+) [potion of mutation]
   892 | D        | Noticed a komodo dragon
   892 | D        | Noticed a cane toad
   892 | D        | Noticed a cane toad
   892 | D        | Noticed a komodo dragon
   896 | D        | Noticed a komodo dragon
   898 | D        | Noticed a komodo dragon
   903 | D        | Killed a komodo dragon
   906 | D        | Killed a cane toad
   906 | D        | Received a gift from Okawaru
   906 | D        | Reached XP level 10. HP: 51/101 MP: 10/10
   913 | D        | Killed a cane toad
   913 | D        | Reached skill level 19 in Polearms
   916 | D        | Mangled by a komodo dragon

Illustrated notes

Levels and vault maps discovered:
D:        linesprint [early_d, line_temple, items_1, d_10, items_2, lair_1,
          lair_end, items_3, orc_1, orc_end, items_4, d_15, swamp_1, shoals_1,
          snake_1, spider_1, d_20, vaults_1, items_5, swamp_end, shoals_end,
          snake_end, spider_end, vaults_end, d_27, items_6, zot_1, zot_end,
          crypt_end, forest_end, elf_end, slime_end, tomb_end, abyss_end,
          pan_hell_end]

Skill      XL: |  1  2  3  4  5  6  7  8  9 10 |
---------------+-------------------------------+-----
Polearms       | 8 9 10 14 16 18 19 | 19.0
Fighting       | 6 8 10 12 13 | 13.4
Dodging        | 7 8 9 11 12 13 | 13.6
Stealth        | 3 4 6 7 |  7.7
Armour         | 2 4 |  4.4
Evocations     | |  0.8

Action                   |  1- 3 |  4- 6 |  7- 9 | 10-12 || total
-------------------------+-------+-------+-------+-------++-------
Melee: Spear             |    21 |    12 |       |       ||    33
       Halberd           |       |    19 |    31 |    10 ||    60
Evoke: Wand              |       |       |     2 |       ||     2
  Use: Potion            |     1 |     1 |     2 |       ||     4
 Stab: Sleeping          |     1 |       |       |       ||     1
Armor: Robe              |     8 |       |       |       ||     8
       Chain mail        |       |     6 |     4 |       ||    10
Dodge: Dodged            |    12 |     5 |    12 |     4 ||    33

Table legend: (Time is in decaauts)
 A = Elapsed time spent in this place.
 B = Non-inter-level travel time spent in this place.
 C = Inter-level travel time spent in this place.
 D = Time resting spent in this place.
 E = Time spent auto-exploring this place.
 F = Levels seen in this place.
 G = Mean time per level.
                   A        B        C        D        E       F      G
               +--------+--------+--------+--------+--------+-----+--------+
         Total |    907 |    907 |      0 |    324 |    349 |   1 |  907.0 |
       Dungeon |    907 |    907 |      0 |    324 |    349 |   1 |  907.0 |
               +--------+--------+--------+--------+--------+-----+--------+

Top non-repeatable levels by time:
       D: 907 daAuts
